 Dungeon Sprint DCSS version 0.17-a0-1632-g0af21bd (webtiles) character file.

15009 Kidiri the Unseen (level 11, -1/47 HPs)
             Began as a Spriggan Enchanter on Aug 3, 2015.
             Was the Champion of Dithmenos.
             Slain by a blink frog (16 damage)
             ... in the Dungeon (Sprint III: "The Ten Rune Challenge").
             The game lasted 00:18:02 (2457 turns).

Kidiri the Unseen (Spriggan Enchanter)              Turns: 2457, Time: 00:18:02

Health: -1/47      AC:  3    Str:  4    XL:     11   Next: 96%
Magic:  11/30      EV: 33    Int: 19    God:    Dithmenos [******]
Gold:   50         SH:  0    Dex: 18    Spells: 9 memorised, 13 levels left

rFire  . . .     SeeInvis +     m - +0 dagger (venom)
rCold  . . .     Clarity  .     b - +1 robe
rNeg   . . .     SustAt   .     (shield restricted)
rPois  .         Gourm    .     (helmet restricted)
rElec  .         Spirit   .     (no cloak)
rCorr  .         Warding  .     (gloves unavailable)
rMut   .         NoTele   +     (boots unavailable)
MR     +....                    (no amulet)
Stlth  ++++++++++               (no ring)
                                (no ring)

@: wreathed by umbra, very quick, somewhat resistant to hostile enchantments,
uncannily stealthy
A: unfitting armour, see invisible, herbivore 3, speed 3, slow healing 1, slow
metabolism 2
a: Shadow Step, Shadow Form, Renounce Religion


You were in the Dungeon.
You worshipped Dithmenos.
Dithmenos was exalted by your worship.
You were not hungry.

You visited 1 branch You collected 50 gold pieces.

Inventory:

Hand weapons
 a - a +1 dagger
 m - a +0 dagger of venom (weapon)
Armour
 b - a +1 robe (worn)
Magical devices
 p - a wand of teleportation (4)
Scrolls
 j - a scroll of blinking
 l - a scroll of holy word
 n - 2 scrolls of remove curse
Potions
 e - 2 potions of curing
 f - a potion of heal wounds
 g - 2 potions of haste
 h - a potion of magic
 i - a potion of berserk rage
 q - 2 potions of flight {unknown}
 s - a potion of agility {unknown}
Books
 c - a book of Maledictions

   Spells                             Type                      Level
   a - Corona                         Hexes                        1
   b - Ensorcelled Hibernation        Hexes/Ice                    2
   c - Confuse                        Hexes                        3
   d - Tukima's Dance                 Hexes                        3
   e - Dazzling Spray                 Conjuration/Hexes            3
 k - a book of Hinderance

   Spells                             Type                      Level
   a - Confusing Touch                Hexes                        2
   b - Confuse                        Hexes                        3
   c - Gell's Gravitas                Hexes/Translocation          3
   d - Petrify                        Transmutation/Earth          4
   e - Metabolic Englaciation         Hexes/Ice                    5
Comestibles
 d - 2 bread rations
 o - 28 royal jellies


   Skills:
 + Level 10.2 Short Blades
 * Level 17.2 Dodging
 * Level 18.6 Stealth
 * Level 14.9 Spellcasting
 + Level 6.5 Conjurations
 + Level 11.3 Hexes
 + Level 9.6 Translocations
 + Level 8.5 Transmutations
 + Level 7.4 Ice Magic
 + Level 5.9 Earth Magic
 - Level 5.5 Invocations


You had 13 spell levels left.
You knew the following spells:

 Your Spells              Type           Power        Failure   Level  Hunger
a - Corona                Hex            ######.      1%          1    None
b - Ensorcelled Hibernat  Hex/Ice        #####.       1%          2    None
c - Confuse               Hex            ######..     1%          3    None
d - Tukima's Dance        Hex            ######..     1%          3    None
e - Dazzling Spray        Conj/Hex       #####...     1%          3    None
f - Confusing Touch       Hex            ######       1%          2    None
g - Gell's Gravitas       Hex/Tloc       ######....   1%          3    None
h - Metabolic Englaciati  Hex/Ice        #####.....   2%          5    ###....
i - Petrify               Trmt/Erth      #####...     1%          4    None


Dungeon Overview and Level Annotations

Branches:
Dungeon (1/1)

Altars:
Cheibriados
Dithmenos
Elyvilon
Fedhas
Gozag
Kikubaaqudgha
Makhleb
Nemelex Xobeh
Okawaru
Qazlal
Ru
Sif Muna
Trog
Vehumet
Xom
Yredelemnul
Zin
The Shining One
Jiyva
Lugonu


Innate Abilities, Weirdness & Mutations

You are tiny and cannot use many weapons and most armour.
You have supernaturally acute eyesight.
You are a herbivore.
You cover ground extremely quickly.
You need consume almost no food.
You heal slowly when monsters are visible.


Message History

The death yak is almost dead.
Your shadow hits the death yak but does no damage.
You hit the death yak but do no damage.
The death yak is almost dead.
Your shadow hits the death yak but does no damage.
You kill the death yak!
Dithmenos accepts your kill.
You hit the blink frog.
The blink frog looks even sicker.
The blink frog is severely wounded.
The blink frog barely misses you.
The blink frog momentarily phases out as your attack passes through it.
The blink frog is severely wounded.
You hit the blink frog but do no damage.
The blink frog is almost dead.
Your shadow misses the blink frog. The blink frog hits you!
You emit a cloud of dark smoke.
You hit the blink frog.
The blink frog is almost dead.
The blink frog hits you!
You die...

+%≈%§§≈..≈♣♣.....♣♣♣♣≈≈≈
#≈≈≈≈≈§§≈.♣♣.≈≈≈≈'♣♣'♣≈≈
#≈≈%§§≈§≈≈≈'...%.#.≈♣♣♣♣
#≈≈≈§≈≈≈≈≈♣♣♣♣♣♣♣#..♣♣
#≈≈§≈§≈≈.≈♣ ###+♣♣♣
####'#######♣ ♣♣♣♣%##.
...........)...♣♣
♣%..##.#
#+#############'♣
♣♣.##%## #≈P...F@§§...♣
♣..#.## +≈≈.††########
♣♣.##.# J.#≈≈≈..§.....S
♣♣.##.# ..#≈≈≈≈P..PP...
♣.....# # ###########+#
#######


You could see a blink frog.

Vanquished Creatures
  Rupert (D)
  Maud (D)
  Erica (D)
  A centaur warrior (D)
  4 death yaks (D)
  2 unseen horrors (D)
  A lindwurm (D)
  2 spiny frogs (D)
  3 wandering mushrooms (D)
  A komodo dragon (D)
  A deep elf priest (D)
  A fire drake (D)
  A queen bee (D)
  6 blink frogs (D)
  3 redbacks (D)
  A shadow (D)
  A spatial vortex (D)
  A swamp drake (D)
  A necrophage (D)
  An earth elemental (D)
  2 centaurs (D)
  2 brain worms (D)
  A water elemental (D)
  32 killer bees (D)
  A jelly (D)
  A wizard (D)
  A necromancer (D)
  A wolf (D)
  3 humans (D)
  A kobold demonologist (D)
  An ooze (D)
  3 rats (D)
83 creatures vanquished.

Vanquished Creatures (others)
  2 draconian scorchers (D)
  2 yaktaurs (D)
  2 fire drakes (D)
  5 plants (D)
11 creatures vanquished.

Grand Total: 94 creatures vanquished

Notes
Turn   | Place    | Note
--------------------------------------------------------------
     0 | D        | Kidiri the Spriggan Enchanter began the quest for the Orb.
     0 | D        | Reached XP level 1. HP: 9/9 MP: 5/5
    13 | D        | Reached skill level 5 in Stealth
   121 | D        | Killed a yaktaur
   156 | D        | Noticed a wolf
   159 | D        | Killed a wolf
   159 | D        | Reached skill level 5 in Dodging
   159 | D        | Reached skill level 6 in Stealth
   159 | D        | Reached XP level 2. HP: 13/13 MP: 6/8
   159 | D        | Reached XP level 3. HP: 16/16 MP: 6/9
   178 | D        | Learned a level 2 spell: Ensorcelled Hibernation
   182 | D        | Learned a level 3 spell: Confuse
   186 | D        | Learned a level 3 spell: Tukima's Dance
   201 | D        | Killed a white draconian scorcher
   207 | D        | Killed a fire drake
   214 | D        | Reached skill level 7 in Stealth
   232 | D        | Gained mutation: You are clumsy. (Dex -2) [potion of mutation]
   232 | D        | Gained mutation: You are frail (-10% HP). [potion of mutation]
   232 | D        | Gained mutation: You occasionally shout uncontrollably at your foes. [potion of mutation]
   233 | D        | Lost mutation: You are frail (-10% HP). [potion of cure mutation]
   233 | D        | Lost mutation: You occasionally shout uncontrollably at your foes. [potion of cure mutation]
   233 | D        | Lost mutation: You are clumsy. (Dex -2) [potion of cure mutation]
   234 | D        | Gained mutation: You are resistant to hostile enchantments. [potion of mutation]
   234 | D        | Gained mutation: You are covered in fur (AC +1). [potion of mutation]
   234 | D        | Lost mutation: You are resistant to hostile enchantments. [potion of mutation]
   235 | D        | Lost mutation: You are covered in fur (AC +1). [potion of mutation]
   235 | D        | Gained mutation: You heal slowly when monsters are visible. [potion of mutation]
   235 | D        | Gained mutation: You are partially covered in yellow scales (AC +2). [potion of mutation]
   277 | D        | Noticed a water elemental
   280 | D        | Killed a water elemental
   280 | D        | Reached skill level 8 in Stealth
   280 | D        | Reached skill level 5 in Spellcasting
   280 | D        | Reached skill level 5 in Hexes
   280 | D        | Reached skill level 1 in Ice Magic
   280 | D        | Reached XP level 4. HP: 21/21 MP: 10/12
   285 | D        | Learned a level 3 spell: Dazzling Spray
   293 | D        | Noticed a jelly
   294 | D        | Noticed a shadow
   317 | D        | Killed a white draconian scorcher
   347 | D        | Killed a jelly
   415 | D        | Killed a fire drake
   568 | D        | Found a stormy altar of Qazlal.
   586 | D        | Killed a shadow
   586 | D        | Reached skill level 9 in Dodging
   586 | D        | Reached skill level 10 in Stealth
   586 | D        | Reached skill level 1 in Conjurations
   586 | D        | Reached XP level 5. HP: 12/24 MP: 5/16
   586 | D        | Reached XP level 6. HP: 14/28 MP: 5/17
   740 | D        | Found a sacrificial altar of Ru.
   740 | D        | Found a burning altar of Makhleb.
   740 | D        | Found a viscous altar of Jiyva.
   740 | D        | Found a shimmering altar of Xom.
   740 | D        | Found a shadowy altar of Dithmenos.
   740 | D        | Found a sparkling altar of Nemelex Xobeh.
   740 | D        | Found a corrupted altar of Lugonu.
   740 | D        | Found an opulent altar of Gozag.
   746 | D        | Became a worshipper of Dithmenos the Shadowed
   850 | D        | Found a radiant altar of Vehumet.
   850 | D        | Found a deep blue altar of Sif Muna.
   850 | D        | Found an ancient bone altar of Kikubaaqudgha.
   850 | D        | Noticed a wizard
   852 | D        | Killed a wizard
   867 | D        | Learned a level 2 spell: Confusing Touch
   871 | D        | Learned a level 3 spell: Gell's Gravitas
   882 | D        | Found a glowing silver altar of Zin.
   883 | D        | Found a glowing golden altar of the Shining One.
   883 | D        | Found a white marble altar of Elyvilon.
   883 | D        | Noticed a deep elf priest
   885 | D        | Killed a deep elf priest
   885 | D        | Reached skill level 5 in Short Blades
   885 | D        | Reached skill level 10 in Dodging
   885 | D        | Reached skill level 11 in Stealth
   885 | D        | Reached XP level 7. HP: 32/32 MP: 18/20
   896 | D        | Found an iron altar of Okawaru.
   896 | D        | Found a bloodstained altar of Trog.
   896 | D        | Noticed a human
   897 | D        | Noticed a human
   900 | D        | Killed a human
   917 | D        | Killed a human
   917 | D        | Reached skill level 12 in Stealth
  1137 | D        | Learned a level 5 spell: Metabolic Englaciation
  1138 | D        | Found a basalt altar of Yredelemnul.
  1138 | D        | Found a snail-covered altar of Cheibriados.
  1138 | D        | Found a blossoming altar of Fedhas.
  1138 | D        | Noticed a necrophage
  1138 | D        | Noticed a necromancer
  1140 | D        | Killed a necrophage
  1140 | D        | Acquired Dithmenos's first power
  1141 | D        | Killed a necromancer
  1188 | D        | Noticed a spatial vortex
  1191 | D        | Noticed Erica
  1236 | D        | Killed Erica
  1236 | D        | Reached skill level 13 in Stealth
  1236 | D        | Reached skill level 10 in Spellcasting
  1236 | D        | Reached XP level 8. HP: 24/36 MP: 21/23
  1249 | D        | Noticed an earth elemental
  1251 | D        | Killed an earth elemental
  1262 | D        | Gained mutation: You have very sharp teeth. [potion of mutation]
  1262 | D        | Lost mutation: You have very sharp teeth. [potion of mutation]
  1262 | D        | Gained mutation: You are weak. (Str -2) [potion of mutation]
  1263 | D        | Gained mutation: Armour fits poorly on your strangely shaped body. [potion of mutation]
  1263 | D        | Gained mutation: You possess an exceptional clarity of mind. [potion of mutation]
  1263 | D        | Gained mutation: Your spells are a little easier to cast, but a little less powerful. [potion of mutation]
  1264 | D        | Lost mutation: Your spells are a little easier to cast, but a little less powerful. [potion of cure mutation]
  1264 | D        | Lost mutation: You are weak. (Str -2) [potion of cure mutation]
  1264 | D        | Lost mutation: Armour fits poorly on your strangely shaped body. [potion of cure mutation]
  1264 | D        | Lost mutation: You possess an exceptional clarity of mind. [potion of cure mutation]
  1264 | D        | Lost mutation: You are partially covered in yellow scales (AC +2). [potion of cure mutation]
  1301 | D        | Killed a spatial vortex
  1313 | D        | Learned a level 4 spell: Petrify
  1378 | D        | Noticed a centaur
  1378 | D        | Noticed a centaur warrior
  1378 | D        | Noticed a centaur
  1380 | D        | Killed a centaur
  1382 | D        | Killed a centaur warrior
  1382 | D        | Acquired Dithmenos's second power
  1382 | D        | Reached skill level 14 in Stealth
  1382 | D        | Reached skill level 5 in Ice Magic
  1382 | D        | Reached skill level 1 in Earth Magic
  1382 | D        | Reached XP level 9. HP: 39/39 MP: 23/25
  1383 | D        | Killed a centaur
  1383 | D        | Reached skill level 5 in Invocations
  1400 | D        | Noticed an unseen horror
  1400 | D        | Noticed an unseen horror
  1401 | D        | Killed an unseen horror
  1405 | D        | Killed an unseen horror
  1405 | D        | Reached skill level 15 in Stealth
  1419 | D        | Noticed a killer bee
  1419 | D        | Noticed a killer bee
  1419 | D        | Noticed a killer bee
  1419 | D        | Noticed a killer bee
  1419 | D        | Noticed a killer bee
  1419 | D        | Noticed a killer bee
  1419 | D        | Noticed a killer bee
  1419 | D        | Noticed a killer bee
  1419 | D        | Noticed a killer bee
  1419 | D        | Noticed a killer bee
  1419 | D        | Noticed a queen bee
  1419 | D        | Noticed a killer bee
  1419 | D        | Noticed a killer bee
  1419 | D        | Noticed a killer bee
  1419 | D        | Noticed a killer bee
  1420 | D        | Noticed a killer bee
  1420 | D        | Noticed a killer bee
  1420 | D        | Noticed a killer bee
  1420 | D        | Noticed a killer bee
  1420 | D        | Noticed a killer bee
  1420 | D        | Noticed a killer bee
  1420 | D        | Noticed a killer bee
  1420 | D        | Noticed a killer bee
  1420 | D        | Noticed a killer bee
  1420 | D        | Noticed a killer bee
  1420 | D        | Noticed a killer bee
  1420 | D        | Noticed a killer bee
  1420 | D        | Noticed a killer bee
  1420 | D        | Noticed a killer bee
  1420 | D        | Noticed a killer bee
  1420 | D        | Noticed a killer bee
  1420 | D        | Noticed a killer bee
  1420 | D        | Noticed a killer bee
  1421 | D        | Killed a killer bee
  1422 | D        | Killed a killer bee
  1422 | D        | Acquired Dithmenos's third power
  1426 | D        | Killed a killer bee
  1429 | D        | Killed a killer bee
  1431 | D        | Killed a killer bee
  1433 | D        | Killed a killer bee
  1435 | D        | Killed a killer bee
  1435 | D        | Reached XP level 10. HP: 38/44 MP: 13/27
  1437 | D        | Killed a killer bee
  1437 | D        | Acquired Dithmenos's fourth power
  1439 | D        | Killed a killer bee
  1441 | D        | Killed a killer bee
  1443 | D        | Killed a killer bee
  1445 | D        | Killed a killer bee
  1445 | D        | Reached skill level 5 in Translocations
  1447 | D        | Killed a killer bee
  1455 | D        | Killed a killer bee
  1602 | D        | Killed a killer bee
  1604 | D        | Killed a killer bee
  1606 | D        | Killed a killer bee
  1608 | D        | Killed a killer bee
  1610 | D        | Killed a killer bee
  1617 | D        | Killed a killer bee
  1619 | D        | Killed a killer bee
  1621 | D        | Killed a killer bee
  1623 | D        | Killed a killer bee
  1625 | D        | Killed a killer bee
  1628 | D        | Killed a killer bee
  1628 | D        | Reached skill level 5 in Conjurations
  1733 | D        | Killed a yaktaur
  1770 | D        | Killed a killer bee
  1775 | D        | Killed a killer bee
  1777 | D        | Killed a killer bee
  1779 | D        | Killed a killer bee
  1781 | D        | Killed a killer bee
  1783 | D        | Killed a killer bee
  1786 | D        | Killed a killer bee
  1791 | D        | Killed a queen bee
  1791 | D        | Reached skill level 5 in Transmutations
  1895 | D        | Noticed a wandering mushroom
  1896 | D        | Noticed a wandering mushroom
  1896 | D        | Noticed a wandering mushroom
  1897 | D        | Killed a wandering mushroom
  1899 | D        | Killed a wandering mushroom
  1900 | D        | Killed a wandering mushroom
  1900 | D        | Reached skill level 16 in Stealth
  1906 | D        | Noticed a spiny frog
  1906 | D        | Noticed a komodo dragon
  1906 | D        | Noticed a spiny frog
  1928 | D        | Killed a komodo dragon
  2089 | D        | Killed a spiny frog
  2099 | D        | Killed a spiny frog
  2099 | D        | Reached skill level 15 in Dodging
  2099 | D        | Reached skill level 10 in Hexes
  2255 | D        | Noticed a redback
  2257 | D        | Killed a redback
  2258 | D        | Noticed a brain worm
  2262 | D        | Killed a brain worm
  2266 | D        | Noticed a brain worm
  2269 | D        | Killed a brain worm
  2272 | D        | Noticed a lindwurm
  2274 | D        | Noticed a redback
  2275 | D        | Killed a lindwurm
  2277 | D        | Killed a redback
  2282 | D        | Noticed a redback
  2283 | D        | Killed a redback
  2283 | D        | Reached XP level 11. HP: 47/47 MP: 29/29
  2284 | D        | Noticed Maud
  2287 | D        | Killed Maud
  2287 | D        | Reached skill level 17 in Stealth
  2318 | D        | Noticed a swamp drake
  2318 | D        | Noticed a fire drake
  2319 | D        | Killed a fire drake
  2321 | D        | Killed a swamp drake
  2327 | D        | Noticed a blink frog
  2328 | D        | Noticed a blink frog
  2329 | D        | Noticed a blink frog
  2329 | D        | Noticed a blink frog
  2329 | D        | Noticed a blink frog
  2332 | D        | Killed a blink frog
  2333 | D        | Killed a blink frog
  2333 | D        | Reached skill level 5 in Earth Magic
  2336 | D        | Killed a blink frog
  2338 | D        | Killed a blink frog
  2340 | D        | Killed a blink frog
  2404 | D        | Noticed Rupert
  2406 | D        | Killed Rupert
  2406 | D        | Reached skill level 18 in Stealth
  2414 | D        | Noticed a death yak
  2415 | D        | Noticed a death yak
  2415 | D        | Noticed a blink frog
  2416 | D        | Killed a death yak
  2417 | D        | Noticed an azure jelly
  2417 | D        | Noticed a death yak
  2417 | D        | Noticed an azure jelly
  2417 | D        | Noticed a blink frog
  2417 | D        | Noticed a death yak
  2418 | D        | Killed a death yak
  2418 | D        | Reached skill level 10 in Short Blades
  2419 | D        | Killed a blink frog
  2420 | D        | Noticed a blink frog
  2420 | D        | Noticed a black mamba
  2439 | D        | Killed a death yak
  2453 | D        | Killed a death yak
  2457 | D        | Slain by a blink frog

Vault maps used:
D:        dungeon_sprint_mu

Action                   |  1- 3 |  4- 6 |  7- 9 | 10-12 || total
-------------------------+-------+-------+-------+-------++-------
Melee: Dagger            |    25 |    20 |    54 |    92 ||   191
 Cast: Confuse           |     1 |     7 |     1 |     3 ||    12
       Ensorcelled Hiber |     1 |     3 |     9 |    31 ||    44
       Dazzling Spray    |       |       |     5 |    15 ||    20
Invok: Shadow Step       |       |       |       |     6 ||     6
  Use: Potion            |     4 |     1 |     3 |       ||     8
       Scroll            |     3 |       |     1 |       ||     4
 Stab: Sleeping          |     4 |     3 |    16 |    45 ||    68
       Confused          |     2 |     3 |       |       ||     5
       Invisible         |       |       |     1 |     3 ||     4
